AoeStats
← LordValor

Oasis

509136256Analyzed
3v3 RM · 6d ago on Sep 25, 2026· 37m 47s· 6 players
Game mode
Random Map
Map size
Normal (6 player)
Population
200
Speed
Normal
Resources
Standard
Victory
Conquest
Starting age
Dark Age
Ending age
Imperial Age
RankedLock teamsTeams togetherTeam positionsShared explorationLock speedFull tech treeHidden civsTurbo modeCheats
Victory
Defeat
🇵🇰 Mongols · Pakistan
938
+16
🇫🇷 Vikings · France
904
+17
🇩🇪 Teutons · Germany
903
+17
🇵🇱 Inca · Poland
945
-16
🇪🇸 Byzantines · Spain
930
-17
🇹🇷 Danes · Türkiye
928
-17
Cornopiomate
4:40 Loom
12:19 Feudal Age
12:56 Double-Bit Axe
14:28 Horse Collar
16:15 Wheelbarrow
19:06 Castle Age
17:35 Gold Mining
18:29 Stone Mining
21:24 Bow Saw
20:51 Pikeman
21:18 Gambesons
22:15 Stone Shaft Mining
21:45 Heavy Plow
25:12 Forging
25:02 Scale Mail Armor
26:57 Chain Mail Armor
31:58 Hand Cart
32:52 Fletching
Musze312
5:09 Loom
14:13 Feudal Age
15:31 Wheelbarrow
14:43 Double-Bit Axe
15:24 Champi Runner
20:48 Horse Collar
21:13 Scale Mail Armor
24:00 Fletching
29:04 Forging
28:57 Padded Archer Armor
34:50 Castle Age
33:41 Gold Mining
33:45 Stone Mining
36:17 Bow Saw
37:16 Leather Archer Armor
37:38 Hand Cart
37:26 Heavy Plow
38:04 Gold Shaft Mining
PatriotTURK
2:08 Loom
10:15 Feudal Age
10:53 Horse Collar
11:00 Double-Bit Axe
19:58 Castle Age
18:38 Gold Mining
18:58 Scale Mail Armor
19:09 Forging
19:23 Arson
20:19 Stone Mining
21:15 Squires
24:20 Wheelbarrow
23:52 Town Watch
32:00 Imperial Age
34:40 Gold Shaft Mining
34:43 Stone Shaft Mining
34:38 Heavy Plow
34:52 Bow Saw
35:10 Hand Cart
Carlossoriasilveyra
4:17 Loom
7:19 Loom
12:10 Feudal Age
12:17 Loom
13:06 Double-Bit Axe
13:04 Horse Collar
16:04 Man-at-Arms
17:51 Scale Mail Armor
20:39 Forging
20:31 Arson
29:42 Castle Age
30:16 Stone Mining
31:18 Bow Saw
31:21 Heavy Plow
31:39 Caravan
31:36 Fletching
31:47 Padded Archer Armor
32:23 Iron Casting
32:04 Chain Mail Armor
31:15 Long Swordsman
31:47 Elite Skirmisher
33:00 Squires
35:20 Bodkin Arrow
35:40 Leather Archer Armor
35:39 Gold Mining
LordValor
6:27 Loom
13:24 Feudal Age
14:12 Horse Collar
14:19 Double-Bit Axe
20:11 Castle Age
19:19 Bloodlines
19:50 Scale Barding Armor
21:18 Forging
21:19 Heavy Plow
25:04 Iron Casting
27:03 Chain Barding Armor
27:10 Bow Saw
32:21 Fortified Wall
36:51 Imperial Age
34:36 Masonry
34:33 Stone Mining
36:18 Stone Shaft Mining
37:23 Ballistics
YellowHaze
5:45 Loom
11:43 Feudal Age
15:55 Castle Age
14:38 Double-Bit Axe
16:00 Fletching
17:17 Horse Collar
20:38 Husbandry
20:49 Bloodlines
21:13 Bloodlines
23:30 Ballistics
23:39 Bodkin Arrow
23:45 Padded Archer Armor
25:26 Wheelbarrow
24:58 Heavy Plow
25:38 Padded Archer Armor
26:46 Town Watch
27:43 Bow Saw
31:05 Leather Archer Armor
31:03 Thumb Ring
33:32 Hand Cart
33:50 Stone Mining
33:56 Gold Mining
34:23 Caravan
36:23 Gold Shaft Mining
36:27 Stone Shaft Mining
38:29 Imperial Age
36:34 Forging
36:31 Scale Barding Armor
37:15 Masonry
Connection lost

Rejoining the realm…

Still unreachable

The connection could not be restored.

Session expired

The server has moved on; the page needs a fresh start.